 Dungeon Crawl Stone Soup version 0.29-a0-384-g6960b1960d (webtiles) character file.

Game seed: 16333920944410361508

118 holysushi the Grave Robber (level 4, -1/30 HPs)
             Began as a Mummy Necromancer on May 7, 2022.
             Slain by a black bear (2 damage)
             ... on level 4 of the Dungeon.
             The game lasted 00:06:15 (3085 turns).

holysushi the Grave Robber (Mummy Necromancer)      Turns: 3085, Time: 00:06:16

Health: -1/30      AC:  3    Str: 11    XL:     4   Next: 72%
Magic:  0/9        EV: 12    Int: 16    God:
Gold:   217        SH:  0    Dex: 12    Spells: 1/10 levels left

rFire   x . .      SeeInvis .     - Unarmed
rCold   + . .      Faith    .   (no shield)
rNeg    + + +      Spirit   .   a - +0 robe
rPois   ∞          Reflect  .   (no helmet)
rElec   .          Harm     .   b - +0 cloak
rCorr   .          Rampage  .   (no gloves)
Will    .....                   (no boots)
Stlth   ++........              (no amulet)
HPRegen 0.10/turn               (no ring)
MPRegen 0.11/turn               (no ring)

@: very slightly contaminated
A: cold resistance 1, negative energy resistance 3, torment resistance 2, heat
vulnerability 1, in touch with death 1, no potions
a: no special abilities


You were on level 4 of the Dungeon.
You visited 1 branch of the dungeon, and saw 4 of its levels.

You collected 217 gold pieces.

Inventory:

Armour
 a - a +0 robe (worn)
 b - a +0 cloak (worn)
Scrolls
 c - a scroll of fog {unknown}
 d - 2 scrolls of vulnerability {unknown}
 e - 3 scrolls of identify {unknown}
 f - a scroll of amnesia {unknown}
 g - a scroll of enchant weapon {unknown}
 h - a scroll of poison {unknown}


   Skills:
 + Level 2.4 Dodging
 - Level 1.5 Stealth
 + Level 1.6 Unarmed Combat
 - Level 3.8 Spellcasting
 + Level 4.6 Necromancy


You had one spell level left.
You knew the following spells:

 Your Spells              Type           Power      Damage    Failure   Level
a - Pain                  Necr           100%       1d9       2%          1
b - Animate Skeleton      Necr           52%        N/A       2%          1
c - Vampiric Draining     Necr           26%        2d7       8%          3
d - Animate Dead          Necr           13%        N/A       26%         4

Your spell library contained the following spells:

 Spells                   Type           Power      Damage    Failure   Level
 Scorch                   Fire           6%         2d5       26%         2
 Agony                    Necr           26%        N/A       58%         5
 Flame Wave               Conj/Fire      3%         2d4       86%         4
 Summon Cactus Giant      Summ           1%         N/A       100%        6


Dungeon Overview and Level Annotations

Branches:
Dungeon (4/15)
 Temple: D:4-7

Altars:
Ashenzari
Dithmenos


Innate Abilities, Weirdness & Mutations

You are immune to poison.
Your flesh is cold resistant. (rC+)
You are immune to negative energy. (rN+++)
You are immune to unholy pain and torment.
You are vulnerable to heat. (rF-)
You are in touch with the powers of death.
You do not drink.


Message History

Aim: a black bear (moderately wounded, chance to affect: 83%)
You feel a surge of power!
The black bear writhes in agony!
The black bear bites you. The black bear closely misses you.
The black bear claws you.
Casting: Pain (safe; 2% risk of failure)
Confirm with . or Enter, or press ? or * to list all spells.
Aiming: Pain (safe; 2% risk of failure)
Press: ? - help, Shift-Dir - straight line, f/p - black bear
Aim: a black bear (severely wounded, chance to affect: 83%)
You feel a surge of power!
The black bear writhes in agony.
The black bear closely misses you. The black bear claws you.
The black bear misses you.
Casting: Pain (safe; 2% risk of failure)
Confirm with . or Enter, or press ? or * to list all spells.
Aiming: Pain (safe; 2% risk of failure)
Press: ? - help, Shift-Dir - straight line, f/p - black bear
Aim: a black bear (severely wounded, chance to affect: 83%)
You feel a surge of power!
The black bear writhes in agony.
The black bear goes berserk!
Casting: Pain (safe; 2% risk of failure)
Confirm with . or Enter, or press ? or * to list all spells.
Aiming: Pain (safe; 2% risk of failure)
Press: ? - help, Shift-Dir - straight line, f/p - black bear
Aim: a black bear (almost dead, berserk, chance to affect: 83%)
You feel a surge of power!
You miscast Pain.
You are very lightly contaminated with residual magic.
Nothing appears to happen.
The black bear bites you!
* * * LOW HITPOINT WARNING * * *
The black bear claws you but does no damage.
The black bear barely misses you.
The black bear bites you but does no damage.
The black bear barely misses you. The black bear completely misses you.
You barely miss the black bear.
The black bear is almost dead.
The black bear misses you. The black bear barely misses you. x2
Unknown command.
You hit the black bear but do no damage.
The black bear is almost dead.
The black bear misses you. The black bear claws you.
You die...

# ### ### ###.# #.# ..... ..# #
#.#####.# # #....##.# ###
###.##.##.# #.###### ########
........#.###......# #####.......
###.##.........h@..###...(.......
.##.##...###.......#.............
.................................
...................#.............
.........#........##......##....#
..!...............###...........#
.........#......................#
#........#......................#
..!......#...........##+###.....#


You could see a black bear (berserk).

Vanquished Creatures
  An iguana (D:4)
  Terence (D:3)
  An adder (D:3)
  2 dart slugs
  6 orcs
  5 ball pythons
  2 bats
  5 endoplasms
  2 giant cockroaches
  4 goblins
  A hobgoblin (D:3)
  2 quokkas (D:2)
  6 frilled lizards
  6 kobolds
  4 rats
48 creatures vanquished.

Notes
Turn   | Place    | Note
-------+----------+-------------------------------------------
     0 | D:1      | holysushi the Mummy Necromancer began the quest for the
                  | Orb.
     0 | D:1      | Reached XP level 1. HP: 13/13 MP: 4/4
   230 | D:1      | Learned a level 1 spell: Animate Skeleton
   415 | D:1      | Reached XP level 2. HP: 19/19 MP: 1/6
  1453 | D:2      | Gained mutation: You are in touch with the powers of death.
                  | [Mummy growth]
  1453 | D:2      | Reached XP level 3. HP: 24/24 MP: 1/7
  1902 | D:3      | Reached skill level 1 in Unarmed Combat
  2031 | D:3      | Found a faded altar of an unknown god.
  2170 | D:3      | Noticed Terence
  2175 | D:3      | Killed Terence
  2176 | D:3      | Reached XP level 4. HP: 30/30 MP: 3/9
  2614 | D:3      | Found a shadowy altar of Dithmenos.
  2841 | D:4      | Found a broken altar of Ashenzari.
  2917 | D:3      | Learned a level 3 spell: Vampiric Draining
  2922 | D:3      | Learned a level 4 spell: Animate Dead
  3054 | D:4      | Noticed a black bear
  3083 | D:4      | HP: 1/30 [black bear (12)]
  3085 | D:4      | Slain by a black bear

Illustrated notes

Levels and vault maps discovered:
D:1:      scummos_arrival_forest, layout_basic
D:2:      layout_loops_ring, kennysheep_generic_room_11
D:3:      layout_basic, nicolae_dithmenos_through_a_glass_darkly,
          nicolae_ecumenical_pavilion, minmay_misc_feat_secret_circle,
          uniq_terence
D:4:      layout_basic, nemelex_dance_club_becter, nicolae_ashenzari_skybound,
          worldfamousw_hep_ancestral_shrine, serial_shops,
          nicolae_lakefront_shop

Skill      XL: |  1  2  3 |
---------------+----------+-----
Spellcasting   | 3 |  3.8
Dodging        | 2 |  2.4
Unarmed Combat | 1 |  1.6
Stealth        | |  1.5
Necromancy     | |  4.6

Action                   |  1- 3 |  4- 6 || total
-------------------------+-------+-------++-------
Melee: Unarmed           |     4 |     2 ||     6
 Cast: Pain              |    71 |    27 ||    98
       Animate Skeleton  |     1 |       ||     1
Armor: Robe              |     3 |     4 ||     7
Dodge: Dodged            |     7 |    17 ||    24

Table legend: (Time is in decaauts)
 A = Elapsed time spent in this place.
 B = Non-inter-level travel time spent in this place.
 C = Inter-level travel time spent in this place.
 D = Time resting spent in this place.
 E = Time spent auto-exploring this place.
 F = Levels seen in this place.
 G = Mean time per level.
                   A        B        C        D        E       F      G
               +--------+--------+--------+--------+--------+-----+--------+
         Total |   3085 |   3042 |     43 |    664 |   1777 |   4 |  771.2 |
       Dungeon |   3085 |   3042 |     43 |    664 |   1777 |   4 |  771.2 |
               +--------+--------+--------+--------+--------+-----+--------+

Top non-repeatable levels by time:
     D:3: 1071 daAuts
     D:1: 1016 daAuts
     D:2: 764 daAuts
     D:4: 233 daAuts
